 Dungeon Crawl Stone Soup version 0.30.1-11-g7821555f0a (webtiles) character file.

Game seed: 15289867968675570291

3 QueenKong the Ruffian (level 1, -2/19 HPs)
             Began as a Troll Gladiator on Nov 19, 2023.
             Slain by a quokka (3 damage)
             ... on level 1 of the Dungeon.
             The game lasted 00:00:37 (160 turns).

QueenKong the Ruffian (Troll Gladiator)              Turns: 160, Time: 00:00:38

Health: -2/19      AC:  4    Str: 21    XL:     1   Next: 41%
Magic:  0/0        EV: 10    Int:  4    God:
Gold:   22         SH:  0    Dex: 11    Spells: 0/0 levels left

rFire   . .          .
                       - Unarmed
rCold   . . .        (no shield)
rNeg    . . .        a - +0 robe
rPois   .            b - +0 hat
rElec   .            (no cloak)
rCorr   .            (gloves unavailable)
SInv    .            (boots unavailable)
Will    .....        (no amulet)
Stlth   +            (no ring)
HPRegen 1.03/turn    (no ring)
MPRegen 0.07/turn

%: no passive effects
@: no status effects
A: large, unfitting armour, claws 3, regeneration 1, shaggy fur 1, tough skin 1
a: no special abilities


You were on level 1 of the Dungeon.
You visited 1 branch of the dungeon, and saw 1 of its levels.

You collected 22 gold pieces.

Inventory:

Missiles
 c - 3 throwing nets (quivered)
 d - a large rock
Armour
 a - a +0 robe (worn)
 b - a +0 hat (worn)
Scrolls
 e - a scroll of enchant armour {unknown}


   Skills:
 * Level 1.5 Fighting
 * Level 1.7 Throwing
 * Level 2.4 Dodging
 * Level 3.1 Unarmed Combat


You couldn't memorise any spells.
You didn't know any spells.
Your spell library was empty.

Dungeon Overview and Level Annotations

Branches:
Dungeon (1/15)

Altars:


Innate Abilities, Weirdness & Mutations

You are too large for most types of armour.
You have claws for hands.
Your natural rate of healing is unusually fast.
You are covered in fur. (AC +1)
You have tough skin. (AC +1)


Message History

The quokka bites you. The quokka closely misses you. x3
The quokka attacks as you move away!
The quokka bites you but does no damage.
A ball python comes into view.
The ball python hisses angrily.
A kobold comes into view. It is wielding a +0 whip.
The kobold shouts!
The quokka twitches its whiskers.
You closely miss the ball python.
The ball python bites you but does no damage.
The quokka bites you.
You claw the ball python!
You kill the ball python!
The quokka closely misses you. The quokka barely misses you. x2
The quokka attacks as you move away! The quokka closely misses you.
The kobold hits you with a +0 whip. The quokka bites you.
You closely miss the kobold. The kobold barely misses you.
The quokka bites you.
The quokka bites you but does no damage.
You scratch the kobold but do no damage.
The quokka barely misses you. The quokka closely misses you.
The kobold hits you with a +0 whip.
You barely miss the kobold. The quokka bites you.
* * * LOW HITPOINT WARNING * * *
The quokka misses you. The kobold barely misses you.
You scratch the kobold.
The kobold is severely wounded.
The quokka closely misses you. The quokka bites you.
* * * LOW HITPOINT WARNING * * *
The kobold hits you with a +0 whip.
* * * LOW HITPOINT WARNING * * *
Unknown command.
You scratch the kobold.
You kill the kobold!
The quokka bites you.
* * * LOW HITPOINT WARNING * * *
The quokka barely misses you. The quokka misses you.
Unknown command.
The quokka attacks as you move away! The quokka bites you.
You die...

...# ####
#...##
####...#.....##
...............
#.............#
...............
.......)......#
.......@.......
......rr#......
.###..#S#....##
...............
#
.##..##.####...
#. #........#
..
#..#........# .
.##..#........#
.............+


You could see 2 quokkas and a ball python.

Vanquished Creatures
  2 ball pythons (D:1)
  A frilled lizard (D:1)
  A kobold (D:1)
4 creatures vanquished.

Notes
Turn   | Place    | Note
-------+----------+-------------------------------------------
     0 | D:1      | QueenKong the Troll Gladiator began the quest for the Orb.
     0 | D:1      | Reached XP level 1. HP: 19/19 MP: 0/0
     1 | D:1      | Noticed an electric eel
   160 | D:1      | Slain by a quokka

Illustrated notes

Levels and vault maps discovered:
D:1:      arrival_aquarium_a, layout_basic, minmay_misc_feat_rugged

Action                     || total
---------------------------++-------
  Melee: Unarmed           ||    12
 Armour: Robe              ||    10
  Dodge: Dodged            ||    25
